 Dungeon Crawl Stone Soup version 0.29-a0-330-g52719c12eb (webtiles) character file.

Game seed: 15617869166608730426

284 Hubjo the Digger (level 6, -2/37 HPs)
             Began as a Gargoyle Earth Elementalist on Apr 12, 2022.
             Was an Initiate of Dithmenos.
             Slain by a water moccasin (3 damage)
             ... on level 3 of the Dungeon.
             The game lasted 00:08:49 (5264 turns).

Hubjo the Digger (Gargoyle Earth Elementalist)      Turns: 5264, Time: 00:08:50

Health: -2/37      AC: 10    Str: 14 (15) XL:     6   Next: 29%
Magic:  10/10      EV: 11    Int: 17 (18) God:    Dithmenos [......]
Gold:   140        SH:  0    Dex: 11 (14) Spells: 9/10 levels left

rFire   . . .      SeeInvis .   m - +7 whip of Calamity {flame, rCorr Str+4 Dex+4}
rCold   . . .      Faith    .   (no shield)
rNeg    + . .      Spirit   .   e - +3 leather armour
rPois   ∞          Reflect  .   (no helmet)
rElec   +          Harm     .   (no cloak)
rCorr   +          Rampage  .   (no gloves)
Will    .....                   (no boots)
Stlth   ++........              (no amulet)
HPRegen 0.12/turn               (no ring)
MPRegen 0.12/turn               (no ring)

@: brilliant, hasted, very quick
A: sickness immunity, AC +4, negative energy resistance 1, electricity
resistance, torment resistance 1, petrification resistance
a: Renounce Religion


You were on level 3 of the Dungeon.
You worshipped Dithmenos.
Dithmenos was noncommittal.
You visited 1 branch of the dungeon, and saw 4 of its levels.

You collected 140 gold pieces.

Inventory:

Hand Weapons
 i - a +2 vampiric halberd
 j - a +1 dagger of speed
 m - the +7 whip of Calamity (weapon) {flame, rCorr Str+4 Dex+4}
   (You found it on level 2 of the Dungeon)

   It burns those it strikes, dealing additional fire damage.
   Str:       It affects your strength (+4).
   Dex:       It affects your dexterity (+4).
   rCorr:     It protects you from acid and corrosion.
Missiles
 a - 97 stones
 g - a throwing net
Armour
 b - a +0 robe
 e - a +3 leather armour (worn)
Magical Staves
 l - a staff of earth
Wands
 r - a wand of iceblast (9)
Scrolls
 d - a scroll of enchant armour {unknown}
 f - 2 scrolls of amnesia
 t - a scroll of enchant weapon
Potions
 c - 2 potions of magic
 h - a potion of cancellation
 k - 2 potions of flight
 n - a potion of degeneration
 p - a potion of brilliance


   Skills:
 * Level 3.2 Fighting
 - Level 1.5 Dodging
 * Level 4.5 Stealth
 + Level 2.8 Spellcasting
 + Level 1.8 Transmutations
 + Level 4.6 Earth Magic


You had 9 spell levels left.
You knew the following spells:

 Your Spells              Type           Power      Damage    Failure   Level
a - Sandblast             Erth           54%        2d13      3%          1

Your spell library contained the following spells:

 Spells                   Type           Power      Damage    Failure   Level
 Passwall                 Tmut/Erth      16%        N/A       9%          2
 Stone Arrow              Conj/Erth      30%        3d8       26%         3
 Petrify                  Tmut/Erth      20%        N/A       52%         4


Dungeon Overview and Level Annotations

Branches:
Dungeon (4/15)
 Temple: D:4-7

Altars:
Dithmenos
Uskayaw

Shops:
D:3 [


Innate Abilities, Weirdness & Mutations

You are immune to sickness and miasma.
Your stone body is resilient. (AC +4)
You are immune to poison.
You resist negative energy. (rN+)
You are resistant to electric shocks. (rElec)
You are resistant to unholy torment.
You are immune to petrification.


Message History

The jackal bites you but does no damage.
The water moccasin bites you!
* * * LOW HITPOINT WARNING * * *
The adder bites you but does no damage.
The jackal bites you but does no damage. x2
It was a potion of flight.
You feel very buoyant.
You fly up into the air.
The water moccasin bites you but does no damage.
The adder bites you but does no damage.
The jackal bites you but does no damage.
The jackal barely misses you. The water moccasin bites you.
* * * LOW HITPOINT WARNING * * *
It was a potion of degeneration.
There was something very wrong with that liquid.
You feel weakened.
You feel dopey.
You feel clumsy. The adder closely misses you.
The jackal bites you but does no damage. x2
The water moccasin barely misses you.
Unknown command.
It was a potion of cancellation.
Your magical effects are unravelling.
You feel magically purged.
You float gracefully downwards.
The jackal closely misses you. The jackal bites you.
* * * LOW HITPOINT WARNING * * *
The adder barely misses you. The water moccasin barely misses you.
The jackal barely misses you. The jackal misses you.
The water moccasin bites you.
* * * LOW HITPOINT WARNING * * *
The adder closely misses you.
It was a potion of brilliance.
You feel clever all of a sudden. The jackal closely misses you.
The jackal bites you but does no damage.
The water moccasin bites you but does no damage.
The adder bites you but does no damage.
It was a potion of haste.
You feel yourself speed up. The jackal bites you.
* * * LOW HITPOINT WARNING * * *
The jackal closely misses you. The water moccasin bites you.
You die...

......#.##.#........########.####
...#.##.##.########## #.......
...#.##.##.###############.#.####
..##.##.#..................#.####
.....##.####..###.##########.#<..
.#.####......................####
.........###.8.....8.#########
.#.#####.###...h)....#
.#.....#........@S...#
.#####.#.##....Sh....# .#
#.#.###.........# .# #.#.#
#.........# .#####.#.#
#.8.....8.# ##
.......#.###.).......###########.
............)...)..^.............
.........#######################.
########## #.


You could see a water moccasin, an adder and 2 jackals.

Vanquished Creatures
  Jessica (D:2)
  Ijyb (D:3)
  Natasha (thrice) (D:3)
  Terence (D:3)
  3 gnolls
  2 adders (D:3)
  A worm (D:3)
  2 dart slugs
  3 orcs (D:3)
  7 ball pythons
  3 bats (D:1)
  5 endoplasms
  A giant cockroach (D:2)
  7 goblins
  10 hobgoblins
  4 jackals
  7 quokkas
  5 frilled lizards
  4 kobolds
  9 rats
79 creatures vanquished.

Vanquished Creatures (others)
  4 plants (D:3)
4 creatures vanquished.

Grand Total: 83 creatures vanquished

Notes
Turn   | Place    | Note
-------+----------+-------------------------------------------
     0 | D:1      | Hubjo the Gargoyle Earth Elementalist began the quest for
                  | the Orb.
     0 | D:1      | Reached XP level 1. HP: 10/10 MP: 3/3
   335 | D:1      | Found a faded altar of an unknown god.
   390 | D:1      | Reached XP level 2. HP: 8/16 MP: 1/5
   573 | D:1      | Prayed at the altar of an unknown god.
   573 | D:1      | Became a worshipper of Uskayaw the Reveller
   573 | D:1      | Reached * piety under Uskayaw
   714 | D:1      | Reached ** piety under Uskayaw
   735 | D:1      | Reached skill level 1 in Transmutations
   822 | D:1      | Reached skill level 1 in Fighting
   824 | D:1      | Reached *** piety under Uskayaw
  1099 | D:1      | Reached XP level 3. HP: 3/20 MP: 0/6
  2683 | D:2      | Reached XP level 4. HP: 17/26 MP: 3/7
  3003 | D:2      | Noticed Jessica
  3009 | D:2      | Killed Jessica
  3023 | D:2      | Identified the +7 whip of Calamity {flame, rCorr Str+4
                  | Dex+4}
  3131 | D:2      | Reached XP level 5. HP: 30/30 MP: 8/8
  3133 | D:2      | Found a shadowy altar of Dithmenos.
  3556 | D:2      | Fell from the grace of Uskayaw
  3556 | D:2      | Became a worshipper of Dithmenos the Shadowed
  3798 | D:3      | Noticed Ijyb
  3815 | D:3      | Killed Ijyb
  3869 | D:3      | Noticed Natasha
  3880 | D:3      | Killed Natasha
  4075 | D:3      | Noticed Natasha
  4086 | D:3      | Killed Natasha
  4124 | D:3      | Noticed Natasha
  4128 | D:3      | Killed Natasha
  4129 | D:3      | Reached XP level 6. HP: 18/37 MP: 7/10
  4661 | D:3      | Noticed Terence
  4669 | D:3      | Killed Terence
  5001 | D:3      | Found Etruvime's Antique Armour Boutique.
  5117 | D:4      | Noticed a water moccasin
  5264 | D:3      | HP: 1/37 [jackal (2)]
  5264 | D:3      | Slain by a water moccasin

Illustrated notes

Levels and vault maps discovered:
D:1:      dpeg_arrival_three_smaller_balls, layout_loops_ring,
          shapermc_ecumenical_altar_petra
D:2:      layout_basic, basic_altar, uniq_jessica
D:3:      cheibrodos_old_hovel, layout_basic, serial_shops, shop, st_stairs_1,
          minivault_23, uniq_terence, uniq_natasha, uniq_ijyb
D:4:      old_forge, layout_basic, minmay_temple_entry_hall,
          sigmund_edmund_badplayer

Skill      XL: |  1  2  3  4  5 |
---------------+----------------+-----
Transmutations | 1 |  1.8
Fighting       | 1 2 3 |  3.2
Stealth        | 3 4 |  4.5
Earth Magic    | 4 |  4.6
Dodging        | |  1.5
Spellcasting   | |  2.8

Action                   |  1- 3 |  4- 6 || total
-------------------------+-------+-------++-------
Melee: Unarmed           |   163 |       ||   163
       Punch             |     2 |     1 ||     3
       Dagger            |    37 |     5 ||    42
       Staff             |       |    25 ||    25
       Halberd           |       |     8 ||     8
       Whip              |       |    76 ||    76
 Cast: Sandblast         |    30 |    19 ||    49
  Use: Scroll            |     1 |     4 ||     5
       Potion            |       |     5 ||     5
 Stab: Sleeping          |     2 |     2 ||     4
       Distracted        |     1 |       ||     1
Armor: Leather armour    |    92 |    90 ||   182
       Robe              |     2 |       ||     2
Dodge: Dodged            |   162 |   109 ||   271

Table legend: (Time is in decaauts)
 A = Elapsed time spent in this place.
 B = Non-inter-level travel time spent in this place.
 C = Inter-level travel time spent in this place.
 D = Time resting spent in this place.
 E = Time spent auto-exploring this place.
 F = Levels seen in this place.
 G = Mean time per level.
                   A        B        C        D        E       F      G
               +--------+--------+--------+--------+--------+-----+--------+
         Total |   5279 |   5014 |    265 |   1049 |   3198 |   4 | 1319.8 |
       Dungeon |   5279 |   5014 |    265 |   1049 |   3198 |   4 | 1319.8 |
               +--------+--------+--------+--------+--------+-----+--------+

Top non-repeatable levels by time:
     D:1: 2527 daAuts
     D:3: 1499 daAuts
     D:2: 1243 daAuts
     D:4: 9 daAuts
